Canucks vs Avalanche

Created - March 20 2012 at 18:18

Goals
1 2 3 T
Canucks 2 0 1 3
Avalanche 3 0 2 5
Shots
1 2 3 T
Canucks 13 11 7 31
Avalanche 8 1 8 17

Period #1

1. Avalanche , John Carlson 20 (T.J. Oshie, Teemu Selanne) at 0:42 (PP)
2. Canucks , Phil Kessel 34 (David Backes, Duncan Keith) at 2:43 (PP)
3. Avalanche , Nicklas Lidstrom 17 (T.J. Oshie, Olli Jokinen) at 4:54 (PP)
4. Canucks , Phil Kessel 35 (James van Riemsdyk, Duncan Keith) at 6:13 (PP)
5. Avalanche , Derek Stepan 8 (Paul Mara, Justin Abdelkader) at 13:05

Penalties :
David Backes (VAN) for Hooking (Minor) at 0:07, Bryan Bickell (COL) for Roughing (Minor) at 1:52, Valtteri Filppula (VAN) for Goalie Interference (Minor) at 3:20, Paul Mara (COL) for Hooking (Minor) at 5:36, Fedor Tyutin (VAN) for Roughing (Minor) at 6:57, Olli Jokinen (COL) for Holding (Minor) at 10:24, David Backes (VAN) for High sticking (Minor) at 17:57

Period #2

No Goal

Penalties :
Olli Jokinen (COL) for Hooking (Minor) at 0:09, Justin Abdelkader (COL) for High sticking (Minor) at 2:30, Justin Abdelkader (COL) for Hooking (Minor) at 9:15, Duncan Keith (VAN) for Interference (Minor) at 19:09

Period #3

6. Canucks , Duncan Keith 14 (Erik Karlsson, Corey Perry) at 1:31
7. Avalanche , T.J. Oshie 28 (Nicklas Lidstrom, Teemu Selanne) at 16:15
8. Avalanche , Nicklas Lidstrom 18 (John Carlson, Milan Hejduk) at 19:47 (Empty Net)

Penalties :
Maxime Talbot (VAN) for Roughing (Minor) at 3:42, Jeff Skinner (COL) for Tripping (Minor) at 9:56, Paul Mara (COL) for Hooking (Minor) at 12:10

Goalie Stats

Brian Boucher (VAN), 10 saves from 12 shots - (0.833), L, 11-8-3, 54:38 minutes
Henrik Lundqvist (VAN), 2 saves from 4 shots - (0.500), 4:54 minutes
Jhonas Enroth (COL), 28 saves from 31 shots - (0.903), W, 7-4-0, 60:00 minutes

Players Stats

Canucks
Player Name              G  A  P  +/- PIM S  H  SB FO    MP 
------------------------------------------------------------
Alex Pietrangelo         0  0  0   0  0   2  1  0  0/0   20 
Brandon Sutter           0  0  0   0  0   1  1  0  3/4   8  
Brooks Laich             0  0  0  -2  0   2  0  0  10/23 19 
Corey Perry              0  1  1   1  0   4  3  0  1/2   21 
David Backes             0  1  1  -1  4   4  3  0  1/1   17 
Dmitry Kulikov           0  0  0  -2  0   0  1  1  0/0   12 
Duncan Keith             1  2  3   0  2   1  4  0  0/0   19 
Erik Karlsson            0  1  1  -1  0   1  0  1  0/0   20 
Fedor Tyutin             0  0  0   0  2   1  0  0  0/0   19 
James van Riemsdyk       0  1  1  -1  0   3  1  0  0/0   17 
Kris Russell             0  0  0   0  0   0  1  0  0/0   8  
Loui Eriksson            0  0  0   0  0   2  0  0  1/3   18 
Matthew Carle            0  0  0  -1  0   1  1  2  0/0   21 
Maxime Talbot            0  0  0  -2  2   1  1  0  0/0   16 
Mikko Koivu              0  0  0   0  0   1  1  0  16/22 18 
Phil Kessel              2  0  2   0  0   5  0  0  8/20  16 
Ryan OReilly             0  0  0  -1  0   1  0  0  0/0   7  
Valtteri Filppula        0  0  0   0  2   1  1  0  0/0   12 
Avalanche
Player Name              G  A  P  +/- PIM S  H  SB FO    MP 
------------------------------------------------------------
Bryan Bickell            0  0  0   1  2   1  0  0  1/1   9  
Derek Stepan             1  0  1   1  0   1  0  0  1/1   14 
Jason Demers             0  0  0   0  0   0  3  0  0/0   22 
Jeff Skinner             0  0  0   0  2   0  0  0  0/1   14 
John Carlson             1  1  2   1  0   3  0  0  0/0   22 
Justin Abdelkader        0  1  1   2  4   0  2  0  4/7   14 
Kevin Shattenkirk        0  0  0   0  0   1  0  1  0/0   22 
Linus Omark              0  0  0   0  0   1  0  0  1/1   6  
Michael Del Zotto        0  0  0   1  0   1  1  0  0/0   14 
Milan Hejduk             0  1  1   1  0   0  0  1  0/1   21 
Nicklas Lidstrom         2  1  3   1  0   2  0  0  0/0   23 
Olli Jokinen             0  1  1   0  4   0  0  0  5/16  18 
Paul Mara                0  1  1   1  4   0  2  1  0/0   15 
R.J. Umberger            0  0  0   0  0   1  3  1  7/16  16 
Ryan Carter              0  0  0   0  0   0  1  0  5/9   6  
Steve Downie             0  0  0   1  0   1  0  0  2/2   14 
T.J. Oshie               1  2  3   0  0   4  2  2  4/9   19 
Teemu Selanne            0  2  2   0  0   1  0  0  5/11  18 

3 Stars

1 - Nicklas Lidstrom (COL)
2 - T.J. Oshie (COL)
3 - Duncan Keith (VAN)

Power Play

Canucks - 2 on 8 Attempt(s) - 25.00%
Avalanche - 2 on 6 Attempt(s) - 33.33%

Penalty Kill

Canucks - 4 on 6 Attempt(s) - 66.67% - Score 0 goal in Penalty Kill
Avalanche - 6 on 8 Attempt(s) - 75.00% - Score 0 goal in Penalty Kill

Game Notes

Brian Boucher enters game at 4:54 of 1st period
Nicklas Lidstrom has scored in a empty net!

Finance

Level 1 -- Attendance: 4925 (75.77%) -- Ticket Income $443,250.00
Level 2 -- Attendance: 3601 (72.02%) -- Ticket Income $216,060.00
Level 3 -- Attendance: 2273 (64.94%) -- Ticket Income $102,285.00
Level 4 -- Attendance: 1197 (59.64%) -- Ticket Income $41,895.00
Luxury Box -- Attendance: 729 (72.90%) -- Ticket Income $138,510.00
Game was played at the Pepsi Center
Total Attendance: 12725 (70.67%)
Total Ticket Income: $1,009,297.00
Other Income: $182,887.50
Total Income: $1,192,185.00


Play by Play

Period #1

0:01 of 1st period - Mikko Koivu wins face-off versus Olli Jokinen in neutral zone.
0:04 of 1st period - Shot by Corey Perry.
0:04 of 1st period - Stopped by Jhonas Enroth without a rebound.
0:05 of 1st period - R.J. Umberger wins face-off versus Phil Kessel in Avalanche zone.
0:07 of 1st period - Minor Penalty to David Backes for Hooking.
0:08 of 1st period - Brandon Sutter wins face-off versus Olli Jokinen in Canucks zone.
0:40 of 1st period - Shot by T.J. Oshie.
0:40 of 1st period - Shot Misses the Net.
0:42 of 1st period - Shot by John Carlson.
0:42 of 1st period - Goal by John Carlson - Canucks : 0 - Avalanche : 1.
0:43 of 1st period - Mikko Koivu wins face-off versus R.J. Umberger in neutral zone.
0:55 of 1st period - Corey Perry is hit by Jason Demers.
1:05 of 1st period - Off-side.
1:06 of 1st period - Justin Abdelkader wins face-off versus Phil Kessel in neutral zone.
1:24 of 1st period - Shot by Phil Kessel.
1:24 of 1st period - Shot Misses the Net.
1:28 of 1st period - Shot by David Backes.
1:28 of 1st period - Stopped by Jhonas Enroth with a rebound.
1:30 of 1st period - Shot by Matthew Carle.
1:30 of 1st period - Stopped by Jhonas Enroth without a rebound.
1:31 of 1st period - Ryan Carter wins face-off versus Brooks Laich in Avalanche zone.
1:52 of 1st period - Minor Penalty to Bryan Bickell for Roughing.
1:53 of 1st period - T.J. Oshie wins face-off versus Mikko Koivu in Avalanche zone.
1:53 of 1st period - T.J. Oshie is hit by Corey Perry.
2:25 of 1st period - Shot by Alex Pietrangelo.
2:25 of 1st period - Stopped by Jhonas Enroth with a rebound.
2:27 of 1st period - Shot by Alex Pietrangelo.
2:27 of 1st period - Shot Misses the Net.
2:29 of 1st period - Shot by Alex Pietrangelo.
2:29 of 1st period - Shot Misses the Net.
2:31 of 1st period - Shot by Erik Karlsson.
2:31 of 1st period - Stopped by Jhonas Enroth without a rebound.
2:32 of 1st period - Phil Kessel wins face-off versus T.J. Oshie in Avalanche zone.
2:39 of 1st period - Shot by Phil Kessel.
2:39 of 1st period - Shot Misses the Net.
2:43 of 1st period - Shot by Phil Kessel.
2:43 of 1st period - Goal by Phil Kessel - Canucks : 1 - Avalanche : 1.
2:44 of 1st period - Justin Abdelkader wins face-off versus Brooks Laich in neutral zone.
2:53 of 1st period - Shot by Derek Stepan.
2:53 of 1st period - Shot Hit the Post.
2:55 of 1st period - Shot by Michael Del Zotto.
2:55 of 1st period - Stopped by Henrik Lundqvist with a rebound.
2:57 of 1st period - Shot by Derek Stepan.
2:57 of 1st period - Shot Blocked by Dmitry Kulikov.
3:15 of 1st period - Off-side.
3:16 of 1st period - Mikko Koivu wins face-off versus Ryan Carter in neutral zone.
3:20 of 1st period - Minor Penalty to Valtteri Filppula for Goalie Interference.
3:21 of 1st period - R.J. Umberger wins face-off versus Brooks Laich in Canucks zone.
3:30 of 1st period - Shot by Milan Hejduk.
3:30 of 1st period - Shot Misses the Net.
4:00 of 1st period - Shot by Jeff Skinner.
4:00 of 1st period - Shot Misses the Net.
4:28 of 1st period - Shot by John Carlson.
4:28 of 1st period - Stopped by Henrik Lundqvist without a rebound.
4:29 of 1st period - Olli Jokinen wins face-off versus Brooks Laich in Canucks zone.
4:52 of 1st period - Shot by T.J. Oshie.
4:52 of 1st period - Shot Misses the Net.
4:54 of 1st period - Shot by Nicklas Lidstrom.
4:54 of 1st period - Goal by Nicklas Lidstrom - Canucks : 1 - Avalanche : 2.
4:54 of 1st period - Brian Boucher enters game.
4:55 of 1st period - Mikko Koivu wins face-off versus Justin Abdelkader in neutral zone.
5:10 of 1st period - Shot by Derek Stepan.
5:10 of 1st period - Shot Misses the Net.
5:15 of 1st period - Duncan Keith is hit by Michael Del Zotto and loses puck.
5:36 of 1st period - Minor Penalty to Paul Mara for Hooking.
5:37 of 1st period - T.J. Oshie wins face-off versus Phil Kessel in Avalanche zone.
5:37 of 1st period - T.J. Oshie is hit by David Backes.
5:56 of 1st period - Icing by Matthew Carle.
5:57 of 1st period - Phil Kessel wins face-off versus T.J. Oshie in Canucks zone.
6:11 of 1st period - Shot by Phil Kessel.
6:11 of 1st period - Shot Misses the Net.
6:13 of 1st period - Shot by Phil Kessel.
6:13 of 1st period - Goal by Phil Kessel - Canucks : 2 - Avalanche : 2.
6:14 of 1st period - Corey Perry wins face-off versus Ryan Carter in neutral zone.
6:32 of 1st period - John Carlson is hit by Kris Russell and loses puck.
6:46 of 1st period - Icing by Ryan Carter.
6:47 of 1st period - Ryan Carter wins face-off versus Brooks Laich in Avalanche zone.
6:47 of 1st period - Ryan Carter is hit by Maxime Talbot.
6:57 of 1st period - Minor Penalty to Fedor Tyutin for Roughing.
6:58 of 1st period - Brooks Laich wins face-off versus R.J. Umberger in Canucks zone.
8:26 of 1st period - Icing by Nicklas Lidstrom.
8:27 of 1st period - Brooks Laich wins face-off versus Olli Jokinen in Avalanche zone.
8:28 of 1st period - Shot by Ryan OReilly.
8:28 of 1st period - Stopped by Jhonas Enroth without a rebound.
8:29 of 1st period - Brooks Laich wins face-off versus R.J. Umberger in Avalanche zone.
9:36 of 1st period - Icing by Duncan Keith.
9:37 of 1st period - Mikko Koivu wins face-off versus Olli Jokinen in Canucks zone.
9:39 of 1st period - Icing by Valtteri Filppula.
9:40 of 1st period - Mikko Koivu wins face-off versus Olli Jokinen in Canucks zone.
9:47 of 1st period - Teemu Selanne is hit by Corey Perry.
9:51 of 1st period - Shot by T.J. Oshie.
9:51 of 1st period - Stopped by Brian Boucher with a rebound.
10:24 of 1st period - Minor Penalty to Olli Jokinen for Holding.
10:25 of 1st period - Phil Kessel wins face-off versus T.J. Oshie in Avalanche zone.
10:47 of 1st period - Shot by David Backes.
10:47 of 1st period - Shot Blocked by Milan Hejduk.
10:49 of 1st period - Shot by Fedor Tyutin.
10:49 of 1st period - Stopped by Jhonas Enroth without a rebound.
10:50 of 1st period - Teemu Selanne wins face-off versus Phil Kessel in Avalanche zone.
10:59 of 1st period - Shot by David Backes.
10:59 of 1st period - Stopped by Jhonas Enroth with a rebound.
11:01 of 1st period - Shot by James van Riemsdyk.
11:01 of 1st period - Stopped by Jhonas Enroth without a rebound.
11:02 of 1st period - Phil Kessel wins face-off versus R.J. Umberger in Avalanche zone.
11:49 of 1st period - Shot by Alex Pietrangelo.
11:49 of 1st period - Stopped by Jhonas Enroth without a rebound.
11:50 of 1st period - Mikko Koivu wins face-off versus T.J. Oshie in Avalanche zone.
13:01 of 1st period - Shot by Justin Abdelkader.
13:01 of 1st period - Shot Blocked by Matthew Carle.
13:05 of 1st period - Shot by Derek Stepan.
13:05 of 1st period - Goal by Derek Stepan - Canucks : 2 - Avalanche : 3.
13:06 of 1st period - Brandon Sutter wins face-off versus Ryan Carter in neutral zone.
13:06 of 1st period - Brandon Sutter is hit by Ryan Carter.
13:26 of 1st period - Shot by Linus Omark.
13:26 of 1st period - Stopped by Brian Boucher with a rebound.
13:28 of 1st period - Shot by Linus Omark.
13:28 of 1st period - Shot Misses the Net.
13:51 of 1st period - Icing by Nicklas Lidstrom.
13:52 of 1st period - Ryan Carter wins face-off versus Mikko Koivu in Avalanche zone.
15:03 of 1st period - Shot by Milan Hejduk.
15:03 of 1st period - Shot Hit the Post.
15:05 of 1st period - Shot by Milan Hejduk.
15:05 of 1st period - Shot Misses the Net.
15:17 of 1st period - Derek Stepan is hit by Corey Perry and loses puck.
15:52 of 1st period - Shot by James van Riemsdyk.
15:52 of 1st period - Stopped by Jhonas Enroth without a rebound.
15:53 of 1st period - David Backes wins face-off versus Teemu Selanne in Avalanche zone.
16:04 of 1st period - Shot by Phil Kessel.
16:04 of 1st period - Shot Blocked by T.J. Oshie.
16:12 of 1st period - Icing by David Backes.
16:13 of 1st period - Phil Kessel wins face-off versus R.J. Umberger in Canucks zone.
16:25 of 1st period - Icing by Kevin Shattenkirk.
16:26 of 1st period - R.J. Umberger wins face-off versus Brooks Laich in Avalanche zone.
16:41 of 1st period - Shot by James van Riemsdyk.
16:41 of 1st period - Shot Misses the Net.
16:47 of 1st period - Maxime Talbot is hit by R.J. Umberger and loses puck.
17:25 of 1st period - Derek Stepan is hit by Dmitry Kulikov and loses puck.
17:57 of 1st period - Minor Penalty to David Backes for High sticking.
17:58 of 1st period - Loui Eriksson wins face-off versus R.J. Umberger in Canucks zone.
18:53 of 1st period - Shot by Teemu Selanne.
18:53 of 1st period - Stopped by Brian Boucher without a rebound.
18:54 of 1st period - Brooks Laich wins face-off versus Olli Jokinen in Canucks zone.

Period #2

0:01 of 2nd period - Olli Jokinen wins face-off versus Mikko Koivu in neutral zone.
0:09 of 2nd period - Minor Penalty to Olli Jokinen for Hooking.
0:10 of 2nd period - T.J. Oshie wins face-off versus Phil Kessel in Avalanche zone.
0:32 of 2nd period - Shot by Phil Kessel.
0:32 of 2nd period - Stopped by Jhonas Enroth with a rebound.
0:36 of 2nd period - Shot by James van Riemsdyk.
0:36 of 2nd period - Stopped by Jhonas Enroth without a rebound.
0:37 of 2nd period - Mikko Koivu wins face-off versus Milan Hejduk in Avalanche zone.
1:21 of 2nd period - Shot by Corey Perry.
1:21 of 2nd period - Stopped by Jhonas Enroth without a rebound.
1:22 of 2nd period - Phil Kessel wins face-off versus Teemu Selanne in Avalanche zone.
1:23 of 2nd period - Shot by David Backes.
1:23 of 2nd period - Stopped by Jhonas Enroth without a rebound.
1:24 of 2nd period - Phil Kessel wins face-off versus Teemu Selanne in Avalanche zone.
2:10 of 2nd period - Shot by Corey Perry.
2:10 of 2nd period - Stopped by Jhonas Enroth without a rebound.
2:11 of 2nd period - Steve Downie wins face-off versus Loui Eriksson in Avalanche zone.
2:11 of 2nd period - Steve Downie is hit by Brandon Sutter.
2:25 of 2nd period - Icing by Paul Mara.
2:26 of 2nd period - Derek Stepan wins face-off versus Brooks Laich in Avalanche zone.
2:30 of 2nd period - Minor Penalty to Justin Abdelkader for High sticking.
2:31 of 2nd period - Teemu Selanne wins face-off versus Mikko Koivu in Avalanche zone.
3:39 of 2nd period - Off-side.
3:40 of 2nd period - Teemu Selanne wins face-off versus Phil Kessel in neutral zone.
5:29 of 2nd period - Steve Downie is hit by Mikko Koivu and loses puck.
6:17 of 2nd period - Shot by David Backes.
6:17 of 2nd period - Stopped by Jhonas Enroth without a rebound.
6:18 of 2nd period - Olli Jokinen wins face-off versus Loui Eriksson in Avalanche zone.
6:48 of 2nd period - Icing by Corey Perry.
6:49 of 2nd period - R.J. Umberger wins face-off versus Corey Perry in Canucks zone.
7:13 of 2nd period - Off-side.
7:14 of 2nd period - Linus Omark wins face-off versus Brooks Laich in neutral zone.
7:23 of 2nd period - Shot by John Carlson.
7:23 of 2nd period - Stopped by Brian Boucher with a rebound.
8:23 of 2nd period - Shot by Phil Kessel.
8:23 of 2nd period - Shot Hit the Post.
8:25 of 2nd period - Shot by Loui Eriksson.
8:25 of 2nd period - Shot Misses the Net.
8:27 of 2nd period - Shot by Phil Kessel.
8:27 of 2nd period - Stopped by Jhonas Enroth without a rebound.
8:28 of 2nd period - Mikko Koivu wins face-off versus Olli Jokinen in Avalanche zone.
8:42 of 2nd period - Icing by Teemu Selanne.
8:43 of 2nd period - Mikko Koivu wins face-off versus T.J. Oshie in Avalanche zone.
8:44 of 2nd period - Shot by Valtteri Filppula.
8:44 of 2nd period - Shot Blocked by Kevin Shattenkirk.
9:02 of 2nd period - Shot by Olli Jokinen.
9:02 of 2nd period - Shot Blocked by Erik Karlsson.
9:15 of 2nd period - Minor Penalty to Justin Abdelkader for Hooking.
9:16 of 2nd period - Teemu Selanne wins face-off versus Phil Kessel in Avalanche zone.
9:43 of 2nd period - Shot by Phil Kessel.
9:43 of 2nd period - Shot Misses the Net.
10:30 of 2nd period - Brooks Laich is hit by Jason Demers and loses puck.
10:37 of 2nd period - Shot by Loui Eriksson.
10:37 of 2nd period - Stopped by Jhonas Enroth without a rebound.
10:38 of 2nd period - Phil Kessel wins face-off versus Teemu Selanne in Avalanche zone.
10:43 of 2nd period - Shot by Phil Kessel.
10:43 of 2nd period - Deflect By David Backes.
10:43 of 2nd period - Shot Misses the Net.
10:45 of 2nd period - Shot by James van Riemsdyk.
10:45 of 2nd period - Shot Misses the Net.
10:49 of 2nd period - Shot by Phil Kessel.
10:49 of 2nd period - Stopped by Jhonas Enroth without a rebound.
10:50 of 2nd period - Mikko Koivu wins face-off versus R.J. Umberger in Avalanche zone.
11:22 of 2nd period - Brooks Laich is hit by Paul Mara and loses puck.
12:03 of 2nd period - Icing by Fedor Tyutin.
12:04 of 2nd period - Brooks Laich wins face-off versus Ryan Carter in Canucks zone.
12:14 of 2nd period - Nicklas Lidstrom is hit by James van Riemsdyk and loses puck.
13:26 of 2nd period - Off-side.
13:27 of 2nd period - Mikko Koivu wins face-off versus Justin Abdelkader in neutral zone.
13:49 of 2nd period - Shot by Mikko Koivu.
13:49 of 2nd period - Stopped by Jhonas Enroth without a rebound.
13:50 of 2nd period - Mikko Koivu wins face-off versus Olli Jokinen in Avalanche zone.
13:53 of 2nd period - Shot by Duncan Keith.
13:53 of 2nd period - Shot Misses the Net.
13:55 of 2nd period - Shot by Valtteri Filppula.
13:55 of 2nd period - Stopped by Jhonas Enroth with a rebound.
13:57 of 2nd period - Shot by Mikko Koivu.
13:57 of 2nd period - Shot Misses the Net.
14:07 of 2nd period - Duncan Keith is hit by T.J. Oshie and loses puck.
15:10 of 2nd period - Matthew Carle is hit by Justin Abdelkader and loses puck.
16:07 of 2nd period - Kevin Shattenkirk is hit by Duncan Keith.
16:20 of 2nd period - Icing by Milan Hejduk.
16:21 of 2nd period - R.J. Umberger wins face-off versus Brooks Laich in Avalanche zone.
17:07 of 2nd period - Shot by Teemu Selanne.
17:07 of 2nd period - Shot Misses the Net.
17:26 of 2nd period - Brooks Laich is hit by Paul Mara and loses puck.
18:04 of 2nd period - Icing by Phil Kessel.
18:05 of 2nd period - Ryan Carter wins face-off versus Phil Kessel in Canucks zone.
18:11 of 2nd period - Olli Jokinen is hit by Alex Pietrangelo and loses puck.
18:41 of 2nd period - Olli Jokinen is hit by Duncan Keith.
18:57 of 2nd period - Kevin Shattenkirk is hit by Duncan Keith and loses puck.
19:03 of 2nd period - Milan Hejduk is hit by Duncan Keith and loses puck.
19:09 of 2nd period - Minor Penalty to Duncan Keith for Interference.
19:10 of 2nd period - Brooks Laich wins face-off versus R.J. Umberger in Canucks zone.

Period #3

0:01 of 3rd period - Brandon Sutter wins face-off versus Olli Jokinen in neutral zone.
0:18 of 3rd period - Shot by Teemu Selanne.
0:18 of 3rd period - Shot Blocked by Matthew Carle.
0:20 of 3rd period - Shot by T.J. Oshie.
0:20 of 3rd period - Stopped by Brian Boucher without a rebound.
0:21 of 3rd period - Brooks Laich wins face-off versus R.J. Umberger in Canucks zone.
1:27 of 3rd period - Shot by Corey Perry.
1:27 of 3rd period - Stopped by Jhonas Enroth with a rebound.
1:31 of 3rd period - Shot by Duncan Keith.
1:31 of 3rd period - Goal by Duncan Keith - Canucks : 3 - Avalanche : 3.
1:32 of 3rd period - Steve Downie wins face-off versus Phil Kessel in neutral zone.
1:50 of 3rd period - Shot by Steve Downie.
1:50 of 3rd period - Shot Misses the Net.
2:30 of 3rd period - Matthew Carle is hit by T.J. Oshie and loses puck.
2:37 of 3rd period - Shot by T.J. Oshie.
2:37 of 3rd period - Stopped by Brian Boucher without a rebound.
2:38 of 3rd period - Mikko Koivu wins face-off versus Jeff Skinner in Canucks zone.
3:35 of 3rd period - Icing by Jason Demers.
3:36 of 3rd period - R.J. Umberger wins face-off versus Brooks Laich in Avalanche zone.
3:42 of 3rd period - Minor Penalty to Maxime Talbot for Roughing.
3:43 of 3rd period - Brooks Laich wins face-off versus Teemu Selanne in Canucks zone.
3:54 of 3rd period - Shot by Teemu Selanne.
3:54 of 3rd period - Shot Misses the Net.
4:06 of 3rd period - T.J. Oshie is hit by David Backes and loses puck.
4:43 of 3rd period - Matthew Carle is hit by R.J. Umberger and loses puck.
4:56 of 3rd period - Shot by Kevin Shattenkirk.
4:56 of 3rd period - Stopped by Brian Boucher with a rebound.
4:58 of 3rd period - Shot by R.J. Umberger.
4:58 of 3rd period - Stopped by Brian Boucher with a rebound.
5:00 of 3rd period - Shot by Kevin Shattenkirk.
5:00 of 3rd period - Shot Misses the Net.
5:28 of 3rd period - Shot by Nicklas Lidstrom.
5:28 of 3rd period - Shot Misses the Net.
6:45 of 3rd period - Icing by Maxime Talbot.
6:46 of 3rd period - Ryan Carter wins face-off versus Brooks Laich in Canucks zone.
7:56 of 3rd period - David Backes is hit by R.J. Umberger and loses puck.
8:08 of 3rd period - Off-side.
8:09 of 3rd period - Mikko Koivu wins face-off versus Justin Abdelkader in neutral zone.
8:37 of 3rd period - Icing by Erik Karlsson.
8:38 of 3rd period - Olli Jokinen wins face-off versus Mikko Koivu in Canucks zone.
9:34 of 3rd period - Maxime Talbot is hit by Jason Demers.
9:56 of 3rd period - Minor Penalty to Jeff Skinner for Tripping.
9:57 of 3rd period - Mikko Koivu wins face-off versus Teemu Selanne in Avalanche zone.
9:58 of 3rd period - Shot by Loui Eriksson.
9:58 of 3rd period - Shot Misses the Net.
10:00 of 3rd period - Shot by Loui Eriksson.
10:00 of 3rd period - Stopped by Jhonas Enroth without a rebound.
10:01 of 3rd period - T.J. Oshie wins face-off versus Phil Kessel in Avalanche zone.
12:10 of 3rd period - Minor Penalty to Paul Mara for Hooking.
12:11 of 3rd period - Teemu Selanne wins face-off versus Phil Kessel in Avalanche zone.
12:33 of 3rd period - Shot by Phil Kessel.
12:33 of 3rd period - Shot Blocked by T.J. Oshie.
13:20 of 3rd period - Shot by Corey Perry.
13:20 of 3rd period - Shot Misses the Net.
13:46 of 3rd period - Shot by Fedor Tyutin.
13:46 of 3rd period - Shot Misses the Net.
14:09 of 3rd period - Shot by Brooks Laich.
14:09 of 3rd period - Stopped by Jhonas Enroth with a rebound.
14:11 of 3rd period - Shot by Brandon Sutter.
14:11 of 3rd period - Shot Blocked by Paul Mara.
14:13 of 3rd period - Shot by Brandon Sutter.
14:13 of 3rd period - Stopped by Jhonas Enroth without a rebound.
14:14 of 3rd period - Justin Abdelkader wins face-off versus Brandon Sutter in Avalanche zone.
14:42 of 3rd period - Shot by Loui Eriksson.
14:42 of 3rd period - Shot Misses the Net.
14:52 of 3rd period - Kris Russell is hit by Justin Abdelkader and loses puck.
15:21 of 3rd period - Shot by Bryan Bickell.
15:21 of 3rd period - Stopped by Brian Boucher without a rebound.
15:22 of 3rd period - R.J. Umberger wins face-off versus Brooks Laich in Canucks zone.
15:27 of 3rd period - Shot by Jeff Skinner.
15:27 of 3rd period - Shot Misses the Net.
15:48 of 3rd period - Shot by James van Riemsdyk.
15:48 of 3rd period - Shot Blocked by R.J. Umberger.
15:50 of 3rd period - Shot by Maxime Talbot.
15:50 of 3rd period - Shot Misses the Net.
15:52 of 3rd period - Shot by James van Riemsdyk.
15:52 of 3rd period - Shot Misses the Net.
15:56 of 3rd period - Shot by Brooks Laich.
15:56 of 3rd period - Deflect By James van Riemsdyk.
15:56 of 3rd period - Shot Misses the Net.
15:58 of 3rd period - Shot by Maxime Talbot.
15:58 of 3rd period - Stopped by Jhonas Enroth without a rebound.
15:59 of 3rd period - Olli Jokinen wins face-off versus Mikko Koivu in Avalanche zone.
15:59 of 3rd period - Olli Jokinen is hit by David Backes.
16:15 of 3rd period - Shot by T.J. Oshie.
16:15 of 3rd period - Goal by T.J. Oshie - Canucks : 3 - Avalanche : 4.
16:16 of 3rd period - Justin Abdelkader wins face-off versus Phil Kessel in neutral zone.
16:55 of 3rd period - Shot by Steve Downie.
16:55 of 3rd period - Stopped by Brian Boucher with a rebound.
18:03 of 3rd period - Nicklas Lidstrom is hit by Valtteri Filppula and loses puck.
18:27 of 3rd period - R.J. Umberger is hit by Matthew Carle and loses puck.
19:14 of 3rd period - Canucks, Brian Boucher is pulled from the net.
19:29 of 3rd period - Icing by Maxime Talbot.
19:30 of 3rd period - Brian Boucher from Canucks was sent back in the game.
19:30 of 3rd period - Brooks Laich wins face-off versus Olli Jokinen in Canucks zone.
19:35 of 3rd period - Canucks, Brian Boucher is pulled from the net.
19:37 of 3rd period - Shot by Brooks Laich.
19:37 of 3rd period - Stopped by Jhonas Enroth without a rebound.
19:38 of 3rd period - Bryan Bickell wins face-off versus Brooks Laich in Avalanche zone.
19:43 of 3rd period - Shot by Nicklas Lidstrom.
19:43 of 3rd period - Shot Misses the Net.
19:45 of 3rd period - Shot by John Carlson.
19:45 of 3rd period - Shot Misses the Net.
19:47 of 3rd period - Shot by Nicklas Lidstrom.
19:47 of 3rd period - Goal by Nicklas Lidstrom - Canucks : 3 - Avalanche : 5.
19:47 of 3rd period - Brian Boucher from Canucks was sent back in the game.
19:48 of 3rd period - Brooks Laich wins face-off versus Olli Jokinen in neutral zone.


Output by the SimonT Hockey Simulator (STHS) for Stephane Roy -- Original Page W3C XHTML 1.0 Valid